Map: Ruby Rock LE

Players

Indy - Winner!

  • Race: Protoss Protoss
  • Spawn Location: 11:00

A.I. 1 (Elite)

  • Race: Zerg Zerg
  • Spawn Location: 5:00

VOD

Have the link to the VOD?

Description

Time

  • Played on: Dec. 15, 2025, 9:45 a.m.
  • Length: 9:01
Show
View Real Time Build Order
Export as new Build Order

Indy Protoss - Winner!

Build Orders: 1 Gate Expand, Archon Immortal, Archon Drop 

Get SALT Encoding   

  12  0:00  Probe  
  13  0:12  Probe  
  14  0:20  Pylon  
  14  0:24  Probe  
  15  0:34  Probe  
  15  0:40  Gateway  
  15  0:42  Probe  
  16  0:48  Assimilator  
  17  0:52  Probe  
  18  1:04  Probe  
  19  1:16  Probe  
  20  1:24  Nexus  
  20  1:35  Cybernetics Core  
  20  1:38  Probe  
  21  1:44  Assimilator  
  21  1:50  Probe  
  21  1:53  Pylon  
  22  2:01  Adept  
  22  2:02  Probe  
  23  2:14  Probe  
  26  2:16  Stargate  
  26  2:25  Warp Gate  
  26  2:26  Probe  
  27  2:32  Adept  
  27  2:33  Probe  
  30  2:38  Probe  
  30  2:41  Probe  
  31  2:50  Probe x2  
  33  2:55  Void Ray  
  34  3:02  Probe  
  39  3:06  Probe  
  39  3:12  Pylon  
  40  3:15  Probe  
  40  3:18  Probe  
  43  3:27  Probe x2  
  43  3:28  Robotics Facility  
  44  3:35  Probe  
  44  3:37  Gateway  
  44  3:39  Probe  
  46  3:43  Twilight Council  
  46  3:44  Probe  
  47  3:51  Probe  
  47  3:52  Pylon  
  48  3:56  Probe  
  48  3:57  Assimilator  
  48  3:58  Assimilator  
  49  4:04  Probe  
  49  4:05  Immortal, Probe  
  51  4:12  Probe  
  56  4:23  Gateway  
  56  4:25  Gateway  
  56  4:26  Gateway  
  56  4:32  Charge  
  56  4:33  Gateway  
  56  4:38  Immortal  
  56  4:39  Gateway x2  
  56  4:48  Pylon  
  60  5:02  Templar Archives  
  60  5:03  Pylon  
  60  5:10  Warp Prism, Zealot x2  
  64  5:18  Pylon  
  64  5:19  Pylon  
  66  5:28  Zealot x3  
  72  5:39  High Templar  
  72  5:40  High Templar, Zealot x2  
  72  5:41  Zealot  
  82  5:43  Pylon  
  82  5:44  Archon  
  82  5:51  High Templar x2  
  82  5:52  Zealot  
  82  5:55  Archon  
  88  6:07  Pylon  
  88  6:22  Zealot x6  
  88  6:23  Zealot  
  102  6:26  Zealot  
  96  6:47  Zealot x8  
  110  7:13  Psionic Storm, Pylon  
  110  7:16  Pylon  
  110  7:25  Immortal  
  110  7:26  Nexus  
  110  7:27  Pylon  
  110  7:31  Probe  
  110  7:32  Forge  
  110  7:34  High Templar x2  
  110  7:35  High Templar x3  
  125  7:40  Probe  
  126  7:45  Probe  
  126  7:46  Pylon  
  126  7:48  Pylon  
  127  7:55  Probe  
  127  7:57  Probe  
  129  8:00  Immortal  
  129  8:07  Probe  
  129  8:09  Probe  
  135  8:13  Robotics Facility  
  135  8:19  Probe  
  136  8:21  Probe  
  137  8:31  Stalker x3, Probe  
  137  8:32  Stalker  
  137  8:33  Probe  
  147  8:42  High Templar  
  147  8:43  High Templar, Zealot x2  
  147  8:47  Archon  
  155  8:49  Probe x2  
  155  8:53  Assimilator  
  155  8:54  Assimilator  
  155  8:55  Pylon  
  158  8:58  Pylon  
Show
View Real Time Build Order
Export as new Build Order

A.I. 1 (Elite) Zerg 

Build Orders: Pool First 

Get SALT Encoding   

  12  0:00  Drone  
  13  0:12  Overlord  
  13  0:16  Drone  
  14  0:30  Drone x2  
  16  0:42  Spawning Pool  
  15  0:44  Drone  
  15  0:49  Drone  
  17  1:12  Hatchery, Drone  
  17  1:15  Extractor  
  17  1:16  Drone  
  17  1:21  Drone  
  18  1:28  Drone  
  19  1:38  Overlord  
  19  1:49  Queen, Drone  
  22  2:00  Zergling x2  
  23  2:10  Drone  
  24  2:21  Drone  
  25  2:25  Queen  
  25  2:28  Roach Warren  
  26  2:33  Drone  
  27  2:38  Drone, Extractor  
  27  2:45  Overlord  
  27  2:49  Drone  
  28  2:58  Queen  
  28  3:05  Spore Crawler  
  28  3:06  Zergling x2  
  29  3:14  Spore Crawler  
  29  3:15  Drone  
  29  3:18  Drone  
  29  3:21  Drone  
  29  3:24  Drone  
  31  3:29  Drone  
  31  3:31  Drone  
  33  3:34  Drone  
  33  3:38  Zergling x2  
  33  3:41  Zergling x2  
  36  3:46  Roach  
  38  3:50  Roach  
  38  3:54  Roach  
  42  4:07  Overlord  
  42  4:14  Lair  
  42  4:19  Metabolic Boost  
  42  4:25  Roach, Drone x2, Overlord  
  42  4:28  Drone  
  42  4:30  Drone  
  48  4:33  Drone  
  48  4:35  Zergling x2  
  48  4:38  Zergling x2  
  51  4:43  Zergling x2  
  52  4:47  Evolution Chamber  
  52  4:48  Drone  
  52  4:52  Evolution Chamber  
  51  4:53  Drone  
  51  4:55  Drone  
  51  4:57  Drone  
  51  4:59  Drone  
  55  5:01  Drone  
  55  5:05  Overlord  
  56  5:16  Drone, Hydralisk Den  
  56  5:18  Drone  
  57  5:23  Drone  
  57  5:25  Infestation Pit  
  57  5:30  Overlord  
  57  5:32  Drone  
  57  5:34  Drone  
  59  5:36  Drone  
  59  5:38  Drone  
  59  5:39  Drone  
  59  5:41  Drone  
  63  5:45  Hydralisk  
  63  5:48  Hydralisk  
  63  5:49  Drone  
  68  5:50  Overlord  
  68  5:53  Hydralisk  
  68  5:56  Hydralisk  
  72  5:58  Drone  
  72  6:02  Infestor  
  75  6:07  Infestor  
  75  6:08  Roach, Drone, Overlord  
  75  6:10  Drone  
  81  6:12  Roach  
  83  6:22  Extractor  
  82  6:25  Extractor  
  82  6:26  Roach x2, Drone, Overlord  
  90  6:32  Roach x2  
  90  6:37  Hatchery  
  90  6:39  Zergling x2  
  72  6:41  Zergling x2  
  72  6:46  Hydralisk  
  63  6:51  Hydralisk  
  38  7:08  Zergling x2  
  38  7:09  Zergling x2  
  9  7:32  Drone x2  
  9  7:33  Drone x2  
  4  7:49  Drone  
  1  8:00  Drone  
Tags
 
Add a new tag
Caveats
  • Supply blocks, unpowered buildings, or Contaminate may cause inaccurate times.
  • Supply counts are checked every 10 seconds.